 Dungeon Crawl Stone Soup version 0.23-a0-488-g5fd82c5 (webtiles) character file.

146 MalarOregon the Stinger (level 5, -1/38 HPs)
             Began as a Merfolk Venom Mage on Dec 2, 2018.
             Slain by an orc wizard
             ... wielding a +0 dagger
              (7 damage)
             ... on level 2 of the Dungeon.
             The game lasted 00:05:29 (2282 turns).

MalarOregon the Stinger (Merfolk Venom Mage)        Turns: 2282, Time: 00:05:31

Health: -1/38      AC:  2    Str: 11 (13) XL:     5   Next: 28%
Magic:  2/17       EV: 13    Int: 13 (16) God:
Gold:   31         SH:  0    Dex: 11 (14) Spells: 6/9 levels left

rFire    . . .     SeeInvis .   h - +0 spear
rCold    . . .     Gourm    .   (no shield)
rNeg     . . .     Faith    .   a - +0 robe
rPois    .         Spirit   .   (no helmet)
rElec    .         Reflect  .   (no cloak)
rCorr    .         Harm     .   (no gloves)
MR       .....                  (no boots)
Stlth    ++........             (no amulet)
HPRegen  0.12/turn              i - ring of magical power
MPRegen  0.15/turn              (no ring)

@: mighty, very slightly contaminated
A: change form in water, swift swim, stealthy swim
a: no special abilities


You were on level 2 of the Dungeon.
You were hungry.

You visited 1 branch of the dungeon, and saw 2 of its levels.

You collected 31 gold pieces.

Inventory:

Hand Weapons
 h - a +0 spear (weapon)
   (You found it on level 1 of the Dungeon)
Missiles
 b - 8 tomahawks (quivered)
Armour
 a - a +0 robe (worn)
Jewellery
 i - a ring of magical power (left hand)
   (You found it on level 1 of the Dungeon)
Scrolls
 d - 3 scrolls of identify {unknown}
 f - 2 scrolls of remove curse {unknown}
 g - a scroll of teleportation {unknown}
Comestibles
 c - 3 chunks of flesh
 e - 6 rations {!d}


   Skills:
 + Level 1.8 Fighting
 + Level 2.1 Polearms
 + Level 3.8 Dodging
 - Level 2.1 Stealth
 + Level 2.6 Spellcasting
 + Level 1.7 Conjurations
 + Level 4.0 Poison Magic


You had 6 spell levels left.
You knew the following spells:

 Your Spells              Type           Power        Failure   Level  Hunger
a - Sting                 Conj/Pois      #...         8%          1    #......
x - Poisonous Vapours     Pois/Air       #.....       16%         2    ###....

Your spell library contained the following spells:

 Spells                   Type           Power        Failure   Level  Hunger
 Mephitic Cloud           Conj/Pois/Air  #.......     32%         3    ###....
 Olgreb's Toxic Radiance  Pois           ##......     41%         4    #####..
 Venom Bolt               Conj/Pois      #.........   90%         5    ######.


Dungeon Overview and Level Annotations

Branches:
Dungeon (2/15)

Altars:
Nemelex Xobeh
Okawaru


Message History

Your Poison Magic skill increases to level 4!
The orc wizard closely misses you.
The orc wizard points at you and mumbles some strange words.
The magic dart hits you!
* * * LOW HITPOINT WARNING * * *
Aim: an orc wizard, wielding a +0 dagger and wearing a +0 robe (fast)
You miscast Sting.
Nothing appears to happen.
The orc wizard closely misses you.
Unknown command.
You miss the orc wizard.
The orc wizard points at you and mumbles some strange words.
The magic dart hits you!
* * * LOW HITPOINT WARNING * * *
The orc wizard hits you with a +0 dagger.
* * * LOW HITPOINT WARNING * * *
You hit the orc wizard.
The orc wizard gestures wildly while chanting.
The orc wizard blinks!
Aim: an orc wizard, wielding a +0 dagger and wearing a +0 robe (lightly You miscast Poisonous Vapours.
You hear a crackling sound.
Aim: an orc wizard, wielding a +0 dagger and wearing a +0 robe (lightly The sting hits the orc wizard.
The orc wizard appears unharmed.
Okay, then.
It was a potion of curing.
You feel better.
The orc wizard points at you and mumbles some strange words.
The magic dart hits you!
* * * LOW HITPOINT WARNING * * *
It was a potion of might.
You feel very mighty all of a sudden.
You barely miss the orc wizard.
The orc wizard hits you with a +0 dagger.
* * * LOW HITPOINT WARNING * * *
The orc wizard completely misses you.
You hit the orc wizard but do no damage.
The orc wizard mumbles some strange words.
The orc wizard blinks!
The orc wizard gestures at you while chanting.
The magic dart hits you!
* * * LOW HITPOINT WARNING * * *
The orc wizard mumbles some strange words.
The orc wizard blinks!
It was a potion of degeneration.
There was something very wrong with that liquid.
You feel weakened.
You feel dopey.
You feel clumsy.
You puncture the orc wizard!
The orc wizard hits you but does no damage.
You barely miss the orc wizard.
The orc wizard hits you with a +0 dagger!
You die...

#. .## ..# ... #)#
#)# #o# #@# #.#
#.# #.# #.# #.#
###
#.##############..
#.##..............
#.##.###########..


You could see an orc wizard.

Vanquished Creatures
  An orc wizard (D:2)
  Terence (D:2)
  4 adders
  A worm (D:2)
  3 dart slugs
  A leopard gecko (D:2)
  2 orcs
  4 bats
  3 giant cockroaches
  2 goblins (D:2)
  11 hobgoblins
  6 kobolds
  A quokka (D:1)
  A ball python (D:1)
  2 frilled lizards (D:1)
  3 rats (D:1)
46 creatures vanquished.

Notes
Turn   | Place    | Note
-------+----------+-------------------------------------------
     0 | D:1      | MalarOregon the Merfolk Venom Mage began the quest for the
                  | Orb.
     0 | D:1      | Reached XP level 1. HP: 13/13 MP: 3/3
   386 | D:1      | Reached skill level 1 in Conjurations
   386 | D:1      | Reached XP level 2. HP: 10/20 MP: 0/5
   884 | D:1      | Reached skill level 1 in Fighting
   908 | D:1      | Reached XP level 3. HP: 26/26 MP: 3/6
  1344 | D:1      | Learned a level 2 spell: Poisonous Vapours
  1515 | D:2      | Reached skill level 1 in Polearms
  1637 | D:2      | Noticed Terence
  1649 | D:2      | Killed Terence
  1649 | D:2      | Reached XP level 4. HP: 32/32 MP: 7/7
  1957 | D:2      | Found an iron altar of Okawaru.
  1957 | D:2      | Found a sparkling altar of Nemelex Xobeh.
  2233 | D:2      | Reached XP level 5. HP: 38/38 MP: 8/8
  2266 | D:2      | Reached skill level 4 in Poison Magic
  2282 | D:2      | Slain by an orc wizard

Vault maps used:
D:1:      tarquinn_simple_flora_water_e
D:2:      nicolae_overflow_hidden_temple, uniq_sigmund, uniq_terence

Skill      XL: |  1  2  3  4  5 |
---------------+----------------+-----
Conjurations   | 1 |  1.7
Dodging        | 3 |  3.8
Fighting       | 1 |  1.8
Polearms       | 1 2 |  2.1
Poison Magic   | 4 |  4.0
Stealth        | |  2.1
Spellcasting   | |  2.6

Action                   |  1- 3 |  4- 6 || total
-------------------------+-------+-------++-------
Melee: Dagger            |    21 |       ||    21
       Unarmed           |     6 |       ||     6
       Spear             |    41 |    21 ||    62
Throw: Tomahawk          |     2 |       ||     2
 Cast: Sting             |    42 |     2 ||    44
       Poisonous Vapours |     5 |    28 ||    33
  Use: Potion            |       |     3 ||     3
 Stab: Sleeping          |     1 |       ||     1
  Eat: Chunk             |     3 |     4 ||     7
Armor: Robe              |    12 |       ||    12
Dodge: Dodged            |    65 |     5 ||    70

Table legend:
 A = Non-vault XP
 B = Vault XP
 C = Vault XP percentage of total XP
 D = Non-vault monster count
 E = Vault monster count
 F = Vault count percentage of total count
                 A         B        C        D         E       F
            +---------+---------+-------+---------+---------+-------
      Total |     173 |      36 |  17.2 |      45 |       1 |   2.2
            +---------+---------+-------+---------+---------+-------
        D:1 |      58 |       0 |   0.0 |      25 |       0 |   0.0
        D:2 |     115 |      36 |  23.8 |      20 |       1 |   4.8
            +---------+---------+-------+---------+---------+-------
